 Dungeon Crawl Stone Soup version 0.29.0-4-gdea44cf6ec (webtiles) character file.

Game seed: 5625403663420251724

2 qw the Sneak (level 1, 0/14 HPs)
             Began as a Gargoyle Delver on Sept 10, 2022.
             Slain by a gnoll
             ... wielding a +0 flail
             ... led by a gnoll bouda
              (4 damage)
             ... on level 5 of the Dungeon.
             The game lasted 00:00:01 (23 turns).

qw the Sneak (Gargoyle Delver)                        Turns: 23, Time: 00:00:01

Health: 0/14       AC:  5    Str: 15    XL:     1   Next: 30%
Magic:  1/1        EV: 11    Int: 10    God:
Gold:   0          SH:  0    Dex: 11    Spells: 0/0 levels left

rFire   . . .      SeeInvis .   a - +0 hand axe
rCold   . . .      Faith    .   (no shield)
rNeg    + . .      Spirit   .   b - +0 leather armour
rPois   inf        Reflect  .   (no helmet)
rElec   +          Harm     .   (no cloak)
rCorr   .          Rampage  .   (no gloves)
Will    .....                   (no boots)
Stlth   +++.......              (no amulet)
HPRegen 0.04/turn               (no ring)
MPRegen 0.07/turn               (no ring)

@: no status effects
A: sickness immunity, AC +2, negative energy resistance 1, electricity
resistance, torment resistance 1, petrification resistance
a: no special abilities


You were on level 5 of the Dungeon.
You visited 1 branch of the dungeon, and saw 1 of its levels.


Innate Abilities, Weirdness & Mutations

You are immune to sickness and miasma.
Your stone body is resilient. (AC +2)
You are immune to poison.
You resist negative energy. (rN+)
You are resistant to electric shocks. (rElec)
You are resistant to unholy torment.
You are immune to petrification.


   Skills:
 - Level 3.2 Fighting
 + Level 2.0 Axes
 - Level 1.5 Dodging
 - Level 5.4 Stealth


You couldn't memorise any spells.
You didn't know any spells.
Your spell library was empty.

Inventory:

Hand Weapons
 a - a +0 hand axe (weapon)
Armour
 b - a +0 leather armour (worn)
Wands
 g - a wand of digging (3)
Scrolls
 c - a scroll of fog
 d - a scroll of magic mapping
 e - a scroll of fear
Potions
 f - a potion of haste

Dungeon Overview and Level Annotations

Branches:
Dungeon (5/15)
 Temple: D:4-7

Altars:

Annotations:
D:5 Edmund


Message History

A jelly comes into view.
A gnoll bouda comes into view. It is wielding a +0 whip.
You hit the orc.
The orc is heavily wounded.
The orc misses you.
The gnoll bouda gazes fiercely through you!
You feel your attacks grow feeble.
A gnoll comes into view. It is wielding a +0 spear.
The gnoll shouts!
You hit the orc.
You kill the orc!
You hear a shout! x2; You hear an angry hiss.
A gnoll comes into view. It is wielding a +0 flail.
Your Axes skill increases to level 2!
The gnoll shouts!
You hit the gnoll bouda but do no damage.
The gnoll hits you from afar with a +0 spear.
The gnoll bouda hits you with a +0 whip.
Edmund the Younger comes into view.
He is wielding a +3 flail of protection.
You hit the gnoll bouda.
The gnoll bouda is lightly wounded.
The gnoll barely misses you. The gnoll bouda barely misses you.
You closely miss the gnoll bouda.
You punch the gnoll bouda, but do no damage.
The gnoll bouda is lightly wounded.
A gnoll comes into view. It is wielding a +0 flail.
The gnoll hits you from afar with a +0 spear.
The gnoll bouda barks out a call to the hunt!
The gnolls pick up the pace!
The gnoll bouda completely misses you. The gnoll barely misses you.
A gnoll comes into view. It is wielding a +0 spear.
A gnoll comes into view. It is wielding a +0 club.
You hit the gnoll bouda but do no damage.
The gnoll bouda is lightly wounded.
The gnoll barely misses you.
You hit the gnoll bouda but do no damage.
You hit the gnoll.
Your attacks no longer feel as feeble.
The gnoll hits you with a +0 flail.
You die...

#....>##
....#....# #
#....#
#...##
###..#####
#........#
#.##.....#
#.##.....#
#@g.....##
#gg....##
g.......#
..J.......
##g####...##
.@ ..## ..
..# ... .(


You could see Edmund, a gnoll bouda, a jelly and 4 gnolls.

Vanquished Creatures
  An orc (D:5)
1 creature vanquished.

Notes
Turn   | Place    | Note
-------+----------+-------------------------------------------
     0 | D:5      | qw the Gargoyle Delver began the quest for the Orb.
     0 | D:5      | Reached XP level 1. HP: 14/14 MP: 1/1
     0 | D:5      | 0 ||| qw: Version: 0.1-a-116-g5d60599
     0 | D:5      | 0 ||| qw: Game counter: 9162
     0 | D:5      | 0 ||| qw: Always use a shield: true
     0 | D:5      | 0 ||| qw: God list: Okawaru
     0 | D:5      | 0 ||| qw: Allow faded altars: false
     0 | D:5      | 0 ||| qw: Do Orc after D:15 true
     0 | D:5      | 0 ||| qw: Do second Lair branch before Depths: true
     0 | D:5      | 0 ||| qw: Lair rune preference: random
     0 | D:5      | 0 ||| qw: Plans: Normal
     0 | D:5      | 0 ||| PLANNING D:1-11
    14 | D:5      | Noticed a jelly
    16 | D:5      | Noticed a gnoll bouda
    19 | D:5      | Noticed Edmund
    21 | D:5      | HP: 3/14 [gnoll/+0 spear[a gnoll bouda] (4)]
    23 | D:5      | Slain by a gnoll

Levels and vault maps discovered:
D:5:      layout_cave_pools, dk_noncrumbling_2, uniq_eustachio, uniq_edmund

Skill      XL: |  1 |
---------------+----+-----
Axes           | 2 |  2.0
Fighting       | |  3.2
Dodging        | |  1.5
Stealth        | |  5.4

Action                   || total
-------------------------++-------
Melee: Hand axe          ||     7
       Punch             ||     1
Dodge: Dodged            ||     6

Table legend:
 A = Non-vault XP
 B = Vault XP
 C = Vault XP percentage of total XP
 D = Non-vault monster count
 E = Vault monster count
 F = Vault count percentage of total count
                 A         B        C        D         E       F
            +---------+---------+-------+---------+---------+-------
      Total |       3 |       0 |   0.0 |       1 |       0 |   0.0
            +---------+---------+-------+---------+---------+-------
        D:5 |       3 |       0 |   0.0 |       1 |       0 |   0.0
            +---------+---------+-------+---------+---------+-------
